 Dungeon Crawl Stone Soup version 0.21-a0-184-g9126a74 (webtiles) character file.

5397 Lunath the Destroyer (level 10, 0/52 HPs)
             Began as a Deep Elf Conjurer on Aug 10, 2017.
             Was a Believer of Vehumet.
             Slain by an unseen horror (7 damage)
             ... on level 10 of the Dungeon on Aug 11, 2017.
             The game lasted 00:40:21 (11844 turns).

Lunath the Destroyer (Deep Elf Conjurer)           Turns: 11844, Time: 00:40:22

Health: 0/52       AC:  4    Str:  5    XL:     10   Next: 40%
Magic:  40/40      EV: 13    Int: 24    God:    Vehumet [**....]
Gold:   667        SH:  6    Dex: 15    Spells: 17/28 levels left

rFire    . . .     SeeInvis .   G - staff of power
rCold    . . .     Gourm    .   w - +1 buckler
rNeg     . . .     Faith    .   u - +0 robe
rPois    .         Spirit   .   (no helmet)
rElec    .         Reflect  .   f - +0 cloak
rCorr    .         Harm     .   q - +0 pair of gloves
MR       +....                  (no boots)
Stlth    +++.......             (no amulet)
HPRegen  0.17/turn              (no ring)
MPRegen  0.27/turn              (no ring)

@: lethally poisoned (0 -> -3), marked
A: no striking features
a: Renounce Religion


You were on level 10 of the Dungeon.
You worshipped Vehumet.
Vehumet was pleased with you.
You were not hungry.

You visited 2 branches of the dungeon, and saw 11 of its levels.

You collected 667 gold pieces.

Inventory:

Hand Weapons
 l - a +1 whip of venom
 s - a +3 flail of crushing
 y - the +0 quarterstaff of Equilibrium {speed, rPois Str+3}
   (You found it on level 6 of the Dungeon)

   Attacks with this weapon are significantly faster.
   It affects your strength (+3).
   It protects you from poison.
Missiles
 t - 2 throwing nets (quivered)
Armour
 f - a +0 cloak (worn)
 q - a +0 pair of gloves (worn)
 u - a +0 robe (worn)
 w - a +1 buckler (worn)
Magical Staves
 G - an uncursed staff of power (weapon)
Wands
 n - a wand of scattershot (3/9)
 v - a wand of clouds (4/9)
 C - a wand of polymorph (8/24)
 F - a wand of acid (13/15)
Scrolls
 a - 2 scrolls of fear
 d - 2 scrolls of vulnerability
 e - 2 scrolls of amnesia
 p - a scroll of remove curse
 A - a scroll of enchant armour
 B - 2 scrolls of enchant weapon
Potions
 h - 4 potions of flight
 i - a potion of invisibility
 j - 3 potions of agility {unknown}
 m - 2 potions of curing
 x - a potion of resistance
 z - 2 potions of brilliance
 E - a potion of mutation {unknown}
 H - a potion of degeneration {unknown}
Books
 b - a book of Conjurations

   Spells                             Type                      Level
   a - Magic Dart                     Conjuration                  1
   b - Searing Ray                    Conjuration                  2
   c - Dazzling Spray                 Conjuration/Hexes            3
   d - Fulminant Prism                Conjuration/Hexes            4
   e - Force Lance                    Conjuration/Translocation    4
   f - Iskenderun's Mystic Blast      Conjuration                  4
 D - a book of Cantrips

   Spells                             Type                      Level
   a - Confusing Touch                Hexes                        1
   b - Animate Skeleton               Necromancy                   1
   c - Summon Small Mammal            Summoning                    1
   d - Apportation                    Translocation                1
Miscellaneous
 I - a lightning rod (4/4)
Comestibles
 c - 2 bread rations
 g - 8 chunks of flesh
 k - 7 meat rations
 o - 19 royal jellies
 r - a fruit


   Skills:
 + Level 1.3 Fighting
 - Level 3.0 Dodging
 - Level 6.2 Stealth
 - Level 4.0 Shields
 + Level 9.9 Spellcasting
 * Level 11.4 Conjurations
 + Level 7.0 Translocations


You had 17 spell levels left.
You knew the following spells:

 Your Spells              Type           Power        Failure   Level  Hunger
a - Magic Dart            Conj           ####         1%          1    None
b - Searing Ray           Conj           ######       1%          2    None
c - Iskenderun's Mystic   Conj           ######..     1%          4    #......
d - Force Lance           Conj/Tloc      ######..     1%          4    #......


Dungeon Overview and Level Annotations

Branches:
Dungeon (10/15)            Temple (1/1) D:5
   Lair: D:8-11         Orc: D:9-12

Altars:
Ashenzari
Cheibriados
Dithmenos
Elyvilon
Fedhas
Gozag
Hepliaklqana
Kikubaaqudgha
Makhleb
Nemelex Xobeh
Okawaru
Qazlal
Ru
Sif Muna
Trog
Uskayaw
Vehumet
Wu Jian
Xom
Yredelemnul
Zin
The Shining One

Shops:
D:5 }   D:8 *


Message History

The killer bee poisons you!
Something hits you. 3 killer bees come into view.
You barely miss something.
You feel sick. Something completely misses you.
The killer bee closely misses you. x2; The killer bee moves out of view.
The killer bee closely misses you. Something hits you!
The killer bee closely misses you. x3; Something hits you.
The killer bee barely misses you.
The killer bee stings you but does no damage. 3 killer bees come into view.
You hit something but do no damage.
You feel sick. Something completely misses you. Something hits you!
* * * LOW HITPOINT WARNING * * *
The killer bee barely misses you. You block the killer bee's attack.
The killer bee stings you.
* * * LOW HITPOINT WARNING * * *
Something hits you but does no damage. You block the killer bee's attack.
The killer bee closely misses you.
The killer bee stings you but does no damage.
Something hits you!
You die...

#.#.........##...###..###.###
#...<........+...# #....#....
..##........##...####.#.#.##.
. #........##...##.....#.##.
#.......y##...##.....#..#.
########.y....##.....#..#.
##yy...##.....#..#.
###########y.y..##.....#....
#......รท..y@y.#........#.###
#.(.........y.#....##.)#.#
#..........#.##....+..>..#
###..........#.##....#######
#.....###....#.# ..
#...###...#......# #..##
###..###.... #. #.# #.... .
..#


You could see 9 killer bees.

Vanquished Creatures
  A troll (D:10)
  Grinder (D:6)
  A hippogriff (D:7)
  5 yaks
  Eustachio (D:4)
  A hungry ghost (D:7)
  Menkaure (D:5)
  An orc warrior (D:7)
  2 sky beasts
  An ice beast (D:9)
  A black bear (D:8)
  3 phantoms
  The ghost of p0werm0de the Skirmisher, an amateur DsEn (D:4)
  A necrophage (D:9)
  5 ogres
  A centaur (D:6)
  5 bullfrogs
  A wyvern zombie (D:7)
  A water moccasin zombie (D:4)
  A wyvern skeleton (D:7)
  4 killer bees (D:8)
  5 wights
  2 howler monkeys
  2 crimson imps
  Crazy Yiuf (D:3)
  5 hounds
  6 jellies
  2 orc priests
  A gnoll shaman (D:3)
  An iguana (D:7)
  3 orc wizards
  Natasha (D:3)
  5 worker ants
  A hound zombie (D:7)
  A worker ant zombie (D:8)
  A howler monkey zombie (D:6)
  9 adders
  34 gnolls (D:3)
  A shadow imp (D:6)
  5 oozes (D:9)
  2 adder skeletons
  2 worms
  5 dart slugs
  3 leopard geckos
  14 orcs
  2 ball pythons
  6 giant cockroaches
  5 goblins
  7 hobgoblins
  20 jackals
  7 quokkas
  7 bats
  6 frilled lizards
  A giant cockroach zombie (D:5)
  A jackal skeleton (D:6)
  A jackal zombie (D:6)
  9 kobolds
  5 rats
228 creatures vanquished.

Vanquished Creatures (others)
  A fungus (D:10)
1 creature vanquished.

Grand Total: 229 creatures vanquished

Notes
Turn   | Place    | Note
-------+----------+-------------------------------------------
     0 | D:1      | Lunath the Deep Elf Conjurer began the quest for the Orb.
     0 | D:1      | Reached XP level 1. HP: 10/10 MP: 6/6
   181 | D:1      | Reached XP level 2. HP: 15/15 MP: 5/8
   607 | D:1      | Learned a level 2 spell: Searing Ray
   995 | D:2      | Reached XP level 3. HP: 19/19 MP: 5/10
  1208 | D:2      | Found a shadowy altar of Dithmenos.
  1414 | D:2      | Reached skill level 5 in Conjurations
  1722 | D:2      | Reached XP level 4. HP: 24/24 MP: 10/12
  1728 | D:2      | Learned a level 4 spell: Iskenderun's Mystic Blast
  1749 | D:2      | Learned a level 4 spell: Force Lance
  2402 | D:3      | Found a snail-covered altar of Cheibriados.
  2526 | D:3      | Found an opulent altar of Gozag.
  2624 | D:3      | Reached XP level 5. HP: 28/28 MP: 9/13
  2910 | D:3      | Reached skill level 6 in Conjurations
  3256 | D:3      | Reached skill level 5 in Spellcasting
  3404 | D:3      | Reached XP level 6. HP: 32/32 MP: 8/15
  4001 | D:3      | Reached skill level 5 in Stealth
  4093 | D:3      | Reached skill level 1 in Translocations
  4437 | D:3      | Noticed Natasha
  4441 | D:3      | Killed Natasha
  4441 | D:3      | Reached XP level 7. HP: 36/36 MP: 3/17
  4601 | D:3      | Found a runed door.
  4733 | D:3      | Noticed Crazy Yiuf
  4736 | D:3      | Killed Crazy Yiuf
  4877 | D:4      | Reached skill level 7 in Conjurations
  5204 | D:4      | Noticed p0werm0de's ghost (amateur DsEn)
  5874 | D:4      | Killed p0werm0de's ghost
  6191 | D:4      | Noticed Eustachio
  6198 | D:4      | Killed Eustachio
  6198 | D:4      | Reached XP level 8. HP: 40/41 MP: 0/19
  6340 | D:5      | Entered Level 5 of the Dungeon
  6507 | D:5      | Noticed Menkaure
  6512 | D:5      | Killed Menkaure
  6512 | D:5      | Reached skill level 1 in Shields
  6512 | D:5      | Reached skill level 8 in Conjurations
  6698 | D:5      | Found a bloodstained altar of Trog.
  6701 | D:5      | Found a stormy altar of Qazlal.
  6703 | D:5      | Found an iron altar of Okawaru.
  7113 | D:5      | Found a staircase to the Ecumenical Temple.
  7120 | Temple   | Entered the Ecumenical Temple
  7186 | Temple   | Became a worshipper of Vehumet
  7279 | D:5      | Found a glowing golden altar of the Shining One.
  7375 | D:5      | Found Wagof's Gadget Boutique.
  7551 | D:6      | Noticed Grinder
  7560 | D:6      | Killed Grinder
  7739 | D:6      | Got an ichor-stained quarterstaff
  7746 | D:6      | Identified the cursed +0 quarterstaff of Equilibrium {speed, rPois Str+3} (You found it on level 6 of the Dungeon)
  8031 | D:6      | Reached skill level 9 in Conjurations
  8173 | D:6      | You fall through a shaft for 3 floors!
  8192 | D:7      | Reached skill level 5 in Translocations
  8600 | D:7      | Reached XP level 9. HP: 40/45 MP: 12/22
  9524 | D:7      | Reached * piety under Vehumet
  9524 | D:7      | Offered knowledge of Flame Tongue by Vehumet.
  9732 | D:7      | Found a basalt altar of Yredelemnul.
  9918 | D:7      | Reached skill level 10 in Conjurations
 10271 | D:8      | Found an ancient bone altar of Kikubaaqudgha.
 10271 | D:8      | Found Abyuneabue's Profane Products.
 10283 | D:8      | Upgraded the game from 0.21-a0-179-gd2bfb5f to 0.21-a0-184-g9126a74
 10419 | D:8      | Found a shattered altar of Ashenzari.
 11111 | D:9      | Reached XP level 10. HP: 41/50 MP: 20/25
 11280 | D:8      | Reached skill level 11 in Conjurations
 11557 | D:9      | Reached ** piety under Vehumet
 11559 | D:9      | Reached skill level 1 in Fighting
 11609 | D:10     | Entered Level 10 of the Dungeon
 11653 | D:10     | Offered knowledge of Sandblast by Vehumet.
 11844 | D:10     | Slain by an unseen horror

Vault maps used:
D:1:      scummos_arrival_simple_crosswalls, minmay_misc_feat_five
D:2:      first_bread, nicolae_dithmenos_through_a_glass_darkly
D:3:      lemuel_castle_with_subvaults, grunt_gozag_breadcrumbs,
          kennysheep_slug_shrine, kennysheep_nub, uniq_crazy_yiuf_cottage,
          uniq_natasha
D:4:      serial_forest, infiniplex_forest_corner_1, infiniplex_forest_zigzag_1,
          infiniplex_forest_clump_tiny, infiniplex_forest_lined_2,
          uniq_eustachio
D:5:      tso_oasis_becter, minitemple, minmay_temple_entry_fiery, serial_shops,
          nicolae_shop_window_shopping, uniq_menkaure
D:6:      uniq_grinder
D:7:      basic_altar
D:8:      lemuel_round_altar, serial_curves, eino_curves_02, eino_curves_02,
          nicolae_evil_shop
D:9:      hangedman_little_slice_of_home, nicolae_underground_beach
D:10:     cheibrodos_iron_armory, grunt_lair_entry_orc_guard_hut, erik_orc_1,
          uniq_josephine
Temple:   eino_wide_crystal_templ

Skill      XL: |  1  2  3  4  5  6  7  8  9 10 |
---------------+-------------------------------+-----
Dodging        | 3 |  3.0
Stealth        | 3 4 5 6 |  6.2
Conjurations   | 5 6 7 9 10 11 | 11.4
Spellcasting   | 4 5 6 7 9 |  9.9
Translocations | 1 3 5 6 7 |  7.0
Shields        | 2 3 4 |  4.0
Fighting       | 1 |  1.3

Action                   |  1- 3 |  4- 6 |  7- 9 | 10-12 || total
-------------------------+-------+-------+-------+-------++-------
Melee: Unarmed           |    11 |       |       |       ||    11
       Club              |     4 |       |       |       ||     4
       Short sword       |     5 |       |       |       ||     5
       Whip              |     9 |    27 |       |       ||    36
       Flail             |       |    19 |    25 |       ||    44
       Quarterstaff      |       |       |    13 |       ||    13
       Staff             |       |       |    31 |     3 ||    34
 Cast: Magic Dart        |    72 |   134 |   202 |    14 ||   422
       Searing Ray       |     4 |     8 |     1 |       ||    13
       Iskenderun's Myst |       |    15 |    89 |    37 ||   141
       Force Lance       |       |     4 |    11 |       ||    15
  Use: Scroll            |     5 |       |    18 |       ||    23
       Potion            |     2 |       |       |     2 ||     4
 Stab: Sleeping          |     1 |       |     2 |       ||     3
  Eat: Chunk             |     2 |    11 |    22 |     4 ||    39
       Bread ration      |       |       |     2 |       ||     2
Armor: Robe              |    10 |     6 |    27 |     5 ||    48
       Leather armour    |     1 |     8 |       |       ||     9
Dodge: Dodged            |    38 |    43 |    78 |    18 ||   177
Block: Buckler           |       |       |    14 |     7 ||    21
